 Dungeon Crawl Stone Soup version 0.29.0-4-gdea44cf6ec (webtiles) character file.

Game seed: 9817677930438789249

94 qw the Chopper (level 4, -4/26 HPs)
             Began as a Tengu Warper on Aug 28, 2022.
             Slain by a hobgoblin (6 damage)
             ... led by Robin
             ... on level 3 of the Dungeon.
             The game lasted 00:00:17 (3141 turns).

qw the Chopper (Tengu Warper)                       Turns: 3141, Time: 00:00:17

Health: -4/26      AC:  5    Str: 13      XL:     4   Next: 63%
Magic:  8/8        EV: 10    Int: 11 (14) God:
Gold:   201        SH:  0    Dex: 12 (13) Spells: 7/7 levels left

rFire   . . .      SeeInvis .   Y - +0 hand axe (vorpal)
rCold   . . .      Faith    .   (no shield)
rNeg    . . .      Spirit   .   m - +0 ring mail
rPois   .          Reflect  .   (helmet restricted)
rElec   .          Harm     .   (no cloak)
rCorr   .          Rampage  .   (no gloves)
Will    .....                   (boots unavailable)
Stlth   +.........              b - amulet of the acrobat
HPRegen 0.08/turn               (no ring)
MPRegen 0.11/turn               (no ring)

@: no status effects
A: beak, talons 3
a: no special abilities


You were on level 3 of the Dungeon.
You visited 1 branch of the dungeon, and saw 3 of its levels.

You collected 201 gold pieces.


Innate Abilities, Weirdness & Mutations

You have a beak for a mouth.
You have claws for feet.


   Skills:
 - Level 2.0 Fighting
 + Level 5.2 Axes
 - Level 1.0 Throwing
 - Level 1.1 Armour
 - Level 2.1 Dodging
 - Level 2.0 Spellcasting
 - Level 2.4 Translocations


You had 7 spell levels left.
You didn't know any spells.
Your spell library contained the following spells:

 Spells                   Type           Power      Damage    Failure   Level
 Blink                    Tloc           12%        N/A       34%         2
 Gell's Gravitas          Tloc           6%         N/A       56%         3
 Lesser Beckoning         Tloc           6%         N/A       56%         3
 Teleport Other           Tloc           6%         N/A       56%         3
 Manifold Assault         Tloc           6%         N/A       100%        5

Inventory:

Hand Weapons
 l - a +1 whip of venom
 Y - a +0 vorpal hand axe (weapon)
Armour
 m - a +0 ring mail (worn)
Jewellery
 b - an amulet of the acrobat (around neck)
Scrolls
 i - a scroll of identify
Potions
 g - a potion of flight {unknown}
 k - a potion of heal wounds {unknown}
 n - a potion of curing {unknown}

Dungeon Overview and Level Annotations

Branches:
Dungeon (3/15)

Altars:

Annotations:
D:3 Robin


Message History

Robin roars a battlecry!
The goblins go into a battle-frenzy!
The goblin hits you with a +0 dagger.
You feel your strength returning.
You barely miss the goblin.
The goblin is heavily wounded.
You hit the hobgoblin. The goblin closely misses you.
The goblin hits you but does no damage. The hobgoblin barely misses you.
The hobgoblin hits you but does no damage.
You barely miss the goblin. You claw the goblin.
You kill the goblin!
You hit the hobgoblin but do no damage. x2
Robin throws the goblin at you! The hobgoblin hits you.
The goblin closely misses you.
You hit the hobgoblin. You peck the hobgoblin.
You kill the hobgoblin!
You barely miss the hobgoblin. You hit the goblin but do no damage.
The goblin hits you with a +0 club.
The hobgoblin hits you but does no damage.
You barely miss Robin. You closely miss the goblin.
You hit the hobgoblin but do no damage. Robin hits you with a +0 short sword.
The goblin hits you but does no damage. The hobgoblin hits you.
You hit Robin. You claw Robin!
Robin is heavily wounded.
You closely miss the goblin. You closely miss the hobgoblin.
Robin barely misses you. The goblin misses you. The hobgoblin misses you.
You hit Robin.
Robin is almost dead.
You hit the goblin but do no damage. You hit the hobgoblin.
Robin hits you with a +0 short sword. The goblin hits you but does no damage.
The hobgoblin barely misses you.
You hit Robin but do no damage.
Robin is almost dead.
You hit the goblin.
You kill the goblin!
You hit the hobgoblin but do no damage. Robin hits you but does no damage.
The hobgoblin hits you.
You die...

.# . #..##..#.####..##
.#
##.####..#...#.####....
.#
#......................
.#
#.#####'#######%####...
## #.###.....###.)...#
#.##.....###.....##
####.#.....###.....##
#....#....###).)^.##
###.#..'...###.g@).##
....#..#..## ###g###
###%##.#.## ...
.##....### ..)..
..##...# +.(.?.+
..##...# #..?..#
.......# #.....#
.....#.# ###+###
####...+


You could see Robin and a hobgoblin (strong).

Vanquished Creatures
  An adder (D:2)
  2 dart slugs
  2 bats
  4 endoplasms
  3 giant cockroaches
  8 hobgoblins
  8 jackals
  2 quokkas (D:1)
  9 ball pythons
  3 frilled lizards
  14 goblins
  11 kobolds
  5 rats
72 creatures vanquished.

Vanquished Creatures (others)
  4 toadstools (D:1)
4 creatures vanquished.

Grand Total: 76 creatures vanquished

Notes
Turn   | Place    | Note
-------+----------+-------------------------------------------
     0 | D:1      | qw the Tengu Warper began the quest for the Orb.
     0 | D:1      | Reached XP level 1. HP: 12/12 MP: 4/4
     0 | D:1      | 0 ||| qw: Version: 0.1-a-89-g26bdef1
     0 | D:1      | 0 ||| qw: Game counter: 1372
     0 | D:1      | 0 ||| qw: Always use a shield: true
     0 | D:1      | 0 ||| qw: God list: Okawaru
     0 | D:1      | 0 ||| qw: Allow faded altars: false
     0 | D:1      | 0 ||| qw: Do Orc after D:15 true
     0 | D:1      | 0 ||| qw: Do second Lair branch before Depths: true
     0 | D:1      | 0 ||| qw: Lair rune preference: random
     0 | D:1      | 0 ||| qw: Plans: Normal
     0 | D:1      | 0 ||| PLANNING D:1-11
    97 | D:1      | 97 ||| Stepping ~*~*~tactically~*~*~ (stealth).
   102 | D:1      | 102 ||| Stepping ~*~*~tactically~*~*~ (stealth).
   106 | D:1      | Reached skill level 3 in Axes
   106 | D:1      | Reached XP level 2. HP: 17/17 MP: 6/6
   230 | D:1      | 230 ||| Stepping ~*~*~tactically~*~*~ (stealth).
   233 | D:1      | 233 ||| Stepping ~*~*~tactically~*~*~ (stealth).
   234 | D:1      | 234 ||| Stepping ~*~*~tactically~*~*~ (stealth).
   681 | D:1      | Reached XP level 3. HP: 19/21 MP: 7/7
   947 | D:1      | Reached skill level 4 in Axes
  1125 | D:1      | HP: 5/21 [poisoned by a kobold]
  1128 | D:1      | HP: 2/21 [poisoned by a kobold]
  1133 | D:1      | HP: 1/21 [constriction (1)]
  1493 | D:1      | Found a faded altar of an unknown god.
  1739 | D:1      | 1739 ||| UPGRADING to +0 ring mail.
  1749 | D:1      | 1749 ||| DROPPING +0 leather armour.
  1750 | D:1      | 1750 ||| READING scroll labelled KEBIATWEAPT.
  1851 | D:1      | 1851 ||| READING scroll labelled YMAM BIBEORE.
  1852 | D:1      | 1852 ||| READING 2 scrolls labelled IPTAXIOZIY.
  1853 | D:1      | 1853 ||| READING scroll labelled XYCZYDUT WITUECAI.
  1854 | D:1      | 1854 ||| DRINKING 2 murky red potions.
  1855 | D:1      | 1855 ||| DROPPING scroll of blinking.
  1856 | D:1      | 1856 ||| DROPPING potion of degeneration.
  1883 | D:2      | 1883 ||| STAIRDANCE
  1945 | D:2      | 1945 ||| Stepping ~*~*~tactically~*~*~ (stealth).
  1946 | D:2      | 1946 ||| Stepping ~*~*~tactically~*~*~ (stealth).
  1947 | D:2      | 1947 ||| Stepping ~*~*~tactically~*~*~ (stealth).
  2290 | D:2      | Reached XP level 4. HP: 25/26 MP: 8/8
  2423 | D:2      | Identified the +12 short sword of Fragile Peace {vorpal,
                  | Int+3}
  2544 | D:2      | 2544 ||| Stepping ~*~*~tactically~*~*~ (stealth).
  2600 | D:2      | 2600 ||| READING scroll of brand weapon.
  2600 | D:2      | 2600 ||| BRANDING +0 hand axe of freezing.
  2830 | D:2      | 2830 ||| UPGRADING to amulet of the acrobat.
  2835 | D:2      | 2835 ||| READING 3 scrolls of identify.
  2835 | D:2      | 2835 ||| IDENTIFYING fuming pink potion
  2836 | D:2      | 2836 ||| READING 2 scrolls of identify.
  2836 | D:2      | 2836 ||| IDENTIFYING black potion
  2837 | D:2      | 2837 ||| DROPPING potion of ambrosia.
  2838 | D:2      | 2838 ||| DROPPING potion of brilliance.
  2878 | D:3      | 2878 ||| FLEEEEING.
  2879 | D:3      | 2879 ||| FLEEEEING.
  2880 | D:3      | 2880 ||| FLEEEEING.
  2881 | D:3      | 2881 ||| FLEEEEING.
  2882 | D:3      | 2882 ||| FLEEEEING.
  2883 | D:3      | 2883 ||| STAIRDANCE
  2916 | D:3      | 2916 ||| STAIRDANCE
  3085 | D:3      | Reached skill level 5 in Axes
  3121 | D:3      | Noticed Robin
  3138 | D:3      | HP: 6/26 [Robin/+0 short sword (2)]
  3140 | D:3      | HP: 2/26 [Robin/+0 short sword (1)]
  3141 | D:3      | Slain by a hobgoblin

Levels and vault maps discovered:
D:1:      eino_arrival_cavern_b, layout_loops_ring,
          shapermc_ecumenical_altar_notcrosses, nrook_uturn,
          minmay_gold_behind_fungi, minmay_pentomino_w4
D:2:      layout_basic
D:3:      layout_loops_cross, minmay_quadrilaterals, uniq_robin

Skill      XL: |  1  2  3  4 |
---------------+-------------+-----
Axes           | 3 4 5 |  5.2
Fighting       | |  2.0
Throwing       | |  1.0
Armour         | |  1.1
Dodging        | |  2.1
Spellcasting   | |  2.0
Translocations | |  2.4

Action                   |  1- 3 |  4- 6 || total
-------------------------+-------+-------++-------
Melee: Hand axe          |    88 |    57 ||   145
       Kick              |    22 |    10 ||    32
       Peck              |    11 |     7 ||    18
       Punch             |       |     3 ||     3
Throw: Boomerang         |     7 |       ||     7
  Use: Scroll            |     4 |     3 ||     7
       Potion            |     1 |       ||     1
Armor: Leather armour    |    15 |       ||    15
       Ring mail         |     8 |    27 ||    35
Dodge: Dodged            |    39 |    25 ||    64

Table legend:
 A = Non-vault XP
 B = Vault XP
 C = Vault XP percentage of total XP
 D = Non-vault monster count
 E = Vault monster count
 F = Vault count percentage of total count
                 A         B        C        D         E       F
            +---------+---------+-------+---------+---------+-------
      Total |     106 |      31 |  22.6 |      55 |      17 |  23.6
            +---------+---------+-------+---------+---------+-------
        D:1 |      51 |       9 |  15.0 |      30 |       5 |  14.3
        D:2 |      39 |       0 |   0.0 |      16 |       0 |   0.0
        D:3 |      16 |      22 |  57.9 |       9 |      12 |  57.1
            +---------+---------+-------+---------+---------+-------
